 Dungeon Crawl Stone Soup version 0.21.1-1-g345015f (webtiles) character file.

79 inc the Scratcher (level 4, 18/18 HPs)
             Began as a Felid Enchanter on Feb 22, 2018.
             Quit the game on level 4 of the Dungeon.
             The game lasted 00:07:18 (2762 turns).

inc the Scratcher (Felid Enchanter)                 Turns: 2762, Time: 00:07:19

Health: 18/18      AC:  1    Str:  4    XL:     4   Next: 16%
Magic:  8/8        EV: 18    Int: 18    God:
Gold:   67         SH:  0    Dex: 16    Spells: 1/7 levels left
                                        Lives:  0   Deaths: 1

rFire    . . .     SeeInvis +     - Unarmed
rCold    . . .     Gourm    .   (shield unavailable)
rNeg     . . .     Faith    .   (armour unavailable)
rPois    .         Spirit   .   (helmet unavailable)
rElec    .         Reflect  .   (cloak unavailable)
rCorr    .         Harm     .   (gloves unavailable)
MR       +....     Rnd*Tele +   (boots unavailable)
Stlth    +++.......             (no amulet)
HPRegen  0.06/turn              g - ring of teleportation (curse)
MPRegen  0.11/turn              e - ring of protection from magic

@: quick
A: very small, no armour, no weapons or thrown items, stealth, claws 1, fangs 3,
see invisible, carnivore, speed 1, shaggy fur 1, slow metabolism 1, sharp paws
a: no special abilities


You were on level 4 of the Dungeon.
You were not hungry.

You visited 1 branch of the dungeon, and saw 5 of its levels.

You collected 67 gold pieces.

Inventory:

Jewellery
 e - a ring of protection from magic (right paw)
 f - an uncursed amulet of rage
 g - a cursed ring of teleportation (left paw)
 j - an uncursed amulet of harm
Scrolls
 c - a scroll of identify
 d - a scroll of teleportation
Potions
 h - a potion of ambrosia {unknown}
 i - 2 potions of lignification {unknown}
Books
 a - a book of Maledictions

   Spells                             Type                      Level
   a - Corona                         Hexes                        1
   b - Ensorcelled Hibernation        Hexes/Ice                    2
   c - Confuse                        Hexes                        3
   d - Tukima's Dance                 Hexes                        3
   e - Dazzling Spray                 Conjuration/Hexes            3
Comestibles
 b - 4 rations


   Skills:
 - Level 2.6 Dodging
 - Level 4.0 Stealth
 + Level 5.1 Unarmed Combat
 - Level 2.0 Spellcasting
 - Level 4.4 Hexes


You had one spell level left.
You knew the following spells:

 Your Spells              Type           Power        Failure   Level  Hunger
a - Corona                Hex            ###....      3%          1    #......
b - Ensorcelled Hibernat  Hex/Ice        #.....       11%         2    ###....
c - Confuse               Hex            ###.....     9%          3    ###....


Dungeon Overview and Level Annotations

Branches:
Dungeon (5/15)
 Temple: D:4-7

Altars:

Shops:
D:5 *

Annotations:
D:4 Zleub's ghost, amateur MfSk
D:5 Edmund


Innate Abilities, Weirdness & Mutations

You cannot wear armour.
You are incapable of wielding weapons or throwing items.
Your paws allow you to move quietly. (Stealth)
You have sharp claws.
You have razor-sharp teeth.
You have supernaturally acute eyesight. (SInv)
You are carnivorous and can eat meat at any time.
You cover ground quickly.
You are covered in fur. (AC +1)
You have a slow metabolism.
Your sharp claws are effective at attacking unaware monsters.


Message History

The centaur is heavily wounded.
The centaur closely misses you. The centaur misses you.
You scratch the centaur.
The centaur is severely wounded.
The centaur closely misses you.
You scratch the centaur.
The centaur is severely wounded.
The centaur hits you!
* * * LOW HITPOINT WARNING * * *
You scratch the centaur.
The centaur is almost dead.
The centaur hits you.
* * * LOW HITPOINT WARNING * * *
The centaur hits you!
You die...
You are now level 4!
You rejoin the land of the living...
Are you sure you want to abandon this character and quit the game? (Confirm with "yes".)
Okay, then.
Are you sure you want to abandon this character and quit the game? (Confirm with "yes".)

#................#.#.
#..........#####.#...
#..........#####.#.#.
#..........##......#.
#..........##.##.#.#.
#..........##.####...
#..........##........
#..[.......##.##.....
#...@..........+.....
########+####.##.....
#.# #.##..... #.#
#.##..... ###.#
####.....
#...#######.....
#............... #
#...........####
#.#...........# #


There were no monsters in sight!

Vanquished Creatures
  A centaur skeleton (D:2)
  Terence (D:2)
  A hound zombie (D:5)
  3 adders
  2 dart slugs
  A leopard gecko (D:3)
  2 orcs
  8 giant cockroaches
  7 goblins
  2 hobgoblins
  8 jackals
  2 quokkas (D:3)
  2 ball pythons (D:1)
  3 bats
  3 frilled lizards
  2 kobolds (D:3)
  A quokka skeleton (D:4)
  5 rats
54 creatures vanquished.

Notes
Turn   | Place    | Note
-------+----------+-------------------------------------------
     0 | D:1      | inc the Felid Enchanter began the quest for the Orb.
     0 | D:1      | Reached XP level 1. HP: 7/7 MP: 4/4
   371 | D:1      | Reached skill level 2 in Unarmed Combat
   534 | D:1      | Reached XP level 2. HP: 11/11 MP: 6/6
   674 | D:2      | Reached skill level 3 in Unarmed Combat
   682 | D:2      | Reached XP level 3. HP: 5/14 MP: 7/7
   686 | D:2      | Learned a level 2 spell: Ensorcelled Hibernation
   690 | D:2      | Learned a level 3 spell: Confuse
  1521 | D:2      | Noticed Terence
  1548 | D:2      | Killed Terence
  1548 | D:2      | Reached skill level 4 in Unarmed Combat
  1548 | D:2      | Reached XP level 4. HP: 15/18 MP: 2/8
  2313 | D:4      | Reached XP level 5. HP: 21/21 MP: 9/9
  2362 | D:4      | Noticed Zleub's ghost (amateur MfSk)
  2395 | D:5      | Entered Level 5 of the Dungeon
  2395 | D:5      | Found Fush's General Store.
  2419 | D:5      | Reached skill level 5 in Unarmed Combat
  2629 | D:4      | Noticed an ogre
  2752 | D:5      | Noticed Edmund
  2752 | D:5      | Noticed a centaur
  2761 | D:4      | Mangled by a centaur
  2762 | D:4      | Reached XP level 4. HP: -6/18 MP: 2/8
  2762 | D:4      | Quit the game

Skill      XL: |  1  2  3  4  5 |
---------------+----------------+-----
Unarmed Combat | 2 3 4 5 |  5.1
Dodging        | |  2.6
Stealth        | |  4.0
Spellcasting   | |  2.0
Hexes          | |  4.4

Action                   |  1- 3 |  4- 6 || total
-------------------------+-------+-------++-------
Melee: Unarmed           |    80 |    52 ||   132
       Bite              |     4 |       ||     4
 Cast: Corona            |     4 |       ||     4
       Ensorcelled Hiber |    10 |    19 ||    29
       Confuse           |       |     2 ||     2
  Use: Scroll            |     5 |     1 ||     6
 Stab: Sleeping          |    11 |    17 ||    28
       Distracted        |     1 |       ||     1
       Confused          |       |     4 ||     4
  Eat: Chunk             |     7 |     3 ||    10
Armor: Skin              |     8 |     4 ||    12
Dodge: Dodged            |    79 |    30 ||   109
